[Event "ICC tourney 2578 (30 10)"]
[Site "Internet Chess Club"]
[Date "2021.05.22"]
[Round "2"]
[White "PRABHU, VARUN:varunprabhu"]
[Black "AMBATI, JASWANT REDDY:AJRChess2011"]
[Result "0-1"]
[ICCResult "White checkmated"]
[WhiteElo "776"]
[BlackElo "1486"]
[Opening "Sicilian defense"]
[ECO "B30"]
[NIC "SI.31"]
[Time "13:01:44"]
[PlyCount "110"]
[TimeControl "1800+10"]

1. e4 c5 2. Nf3 Nc6 3. Bc4 Nf6 4. Nc3 g6 5. d3 Bg7 6. O-O O-O 7. Bf4 Na5 8.
Qd2 Nxc4 9. dxc4 d6 10. Rfd1 Be6 11. Bh6 Bxc4 12. Bxg7 Kxg7 13. b3 Be6 14.
Qd3 Nd7 15. Nd5 Bg4 16. Qc3+ Kg8 17. Rd3 e6 18. Nf4 Bxf3 19. Rxf3 Ne5 20.
Rg3 Qh4 21. Nh3 Qxe4 22. Re1 Qf5 23. Rg5 Qf6 24. f4 Nd7 25. Re3 d5 26. Qxf6
Nxf6 27. Nf2 d4 28. Rd3 Nd5 29. Nh3 f6 30. Rgg3 Nb4 31. Rd2 Nxa2 32. Nf2
Nc3 33. Nd3 Ne4 34. Re2 Nxg3 35. hxg3 Rac8 36. Rxe6 c4 37. bxc4 Rxc4 38.
Re2 Rfc8 39. Ne1 a5 40. Rd2 a4 41. Rd1 b5 42. Rb1 b4 43. Nd3 Rxc2 44. Rxb4
a3 45. Ra4 a2 46. Nb4 Rc1+ 47. Kh2 a1=Q 48. Rxa1 Rxa1 49. Nd5 d3 50. Ne7+
Kf7 51. Nxc8 d2 52. Nd6+ Ke6 53. Ne4 d1=Q 54. Nc5+ Kf7 55. Kh3 Qh5# { White
checkmated } 0-1

[Event "ICC tourney 2578 (30 10)"]
[Site "Internet Chess Club"]
[Date "2021.05.22"]
[Round "2"]
[White "LI, MASON:iamlifamily"]
[Black "KISHOR MANE, ARNAV:K05-16881843"]
[Result "1-0"]
[ICCResult "Black checkmated"]
[WhiteElo "1266"]
[BlackElo "1396"]
[Opening "Queen's pawn, Mason variation"]
[ECO "D00"]
[NIC "QP.08"]
[Time "13:01:43"]
[PlyCount "165"]
[TimeControl "1800+10"]

1. d4 d5 2. Bf4 Nf6 3. e3 e6 4. Nf3 Bd6 5. Bg3 Nbd7 6. c3 a6 7. Nbd2 O-O 8.
Be2 Re8 9. Ne5 Bf8 10. Ndf3 g6 11. Ng5 Nxe5 12. Bxe5 Bg7 13. h4 Nd7 14.
Bxg7 Kxg7 15. Bd3 c5 16. Qf3 Rf8 17. Qg3 cxd4 18. exd4 Qf6 19. h5 e5 20.
hxg6 fxg6 21. Rxh7+ Kg8 22. O-O-O exd4 23. Rdh1 dxc3 24. Rh8+ Qxh8 25.
Rxh8+ Kxh8 26. Qh4+ Kg7 27. Ne6+ Kf7 28. Nxf8 cxb2+ 29. Kxb2 Nxf8 30. Qf4+
Kg7 31. Qc7+ Kg8 32. Qd6 Be6 33. Bxg6 Rc8 34. Bd3 Rc6 35. Qe7 Rb6+ 36. Kc1
Bd7 37. Qg5+ Kf7 38. Qxd5+ Be6 39. Qe5 Nd7 40. Qf4+ Ke8 41. Qe3 Kd8 42. f4
Bxa2 43. Bf5 Rc6+ 44. Kb2 Bf7 45. Qd4 Be6 46. Bxe6 Rxe6 47. g4 Rb6+ 48. Ka2
Re6 49. f5 Re2+ 50. Ka3 Re8 51. g5 Re5 52. Qf4 Ra5+ 53. Kb4 Rb5+ 54. Kc3
Rc5+ 55. Kd4 b5 56. Qd6 Rxf5 57. Qxa6 Rxg5 58. Qa8+ Ke7 59. Qa3+ Rc5 60.
Qe3+ Re5 61. Qg3 Re6 62. Qg5+ Kd6 63. Qxb5 Ke7 64. Qb4+ Kf6 65. Qb5 Rd6+
66. Kc4 Ne5+ 67. Kc5 Rc6+ 68. Kd5 Re6 69. Qf1+ Ke7 70. Qf5 Rd6+ 71. Kxe5
Ra6 72. Qh7+ Ke8 73. Qg8+ Ke7 74. Qg7+ Ke8 75. Qb7 Rh6 76. Kf5 Kf8 77. Kg5
Rh8 78. Kg6 Rg8+ 79. Kf6 Rg6+ 80. Kxg6 Ke8 81. Kf6 Kd8 82. Ke6 Ke8 83. Qb8#
{ Black checkmated } 1-0

[Event "ICC tourney 2578 (30 10)"]
[Site "Internet Chess Club"]
[Date "2021.05.22"]
[Round "2"]
[White "BANG, ADITYA:AdityaBang"]
[Black "HUANG, JUSTIN:ijustin"]
[Result "1-0"]
[ICCResult "Black checkmated"]
[WhiteElo "1389"]
[BlackElo "1305"]
[Opening "Sicilian: Najdorf"]
[ECO "B90"]
[NIC "SI.14"]
[Time "13:01:43"]
[PlyCount "133"]
[TimeControl "1800+10"]

1. e4 c5 2. Nf3 d6 3. d4 cxd4 4. Nxd4 Nf6 5. Nc3 a6 6. Bd3 e6 7. f3 Be7 8.
O-O Qb6 9. Kh1 O-O 10. Nde2 Nc6 11. Qe1 Bd7 12. f4 Qc5 13. Ng1 Qh5 14. Nf3
Ng4 15. Ne2 f5 16. Ng3 Qh6 17. exf5 Nd4 18. h3 Nxf3 19. Rxf3 Bc6 20. Be4
Bxe4 21. Nxe4 Rxf5 22. Qg3 Nf6 23. Nxf6+ Bxf6 24. c3 Rf8 25. Be3 Bh4 26.
Qh2 Rb5 27. b3 Qf6 28. Bd4 Qf5 29. Raf1 Ra5 30. g4 Qe4 31. Qg2 e5 32. fxe5
Rxf3 33. Rxf3 Rxa2 34. Rf8+ Kxf8 35. Qxe4 Ra1+ 36. Kg2 Ra2+ 37. Kf3 dxe5
38. Bc5+ Kg8 39. Qf5 h6 40. Be3 Ra1 41. Qg6 Rf1+ 42. Kg2 Rf6 43. Qe8+ Rf8
44. Qxe5 Bf6 45. Qd5+ Kh8 46. Qxb7 Bxc3 47. Qe7 Bf6 48. Qxf8+ Kh7 49. Qa8
Bh4 50. Qxa6 Bf6 51. Qd3+ Kh8 52. Qg6 Bc3 53. g5 hxg5 54. Bxg5 Bd4 55. h4
Bc3 56. h5 Kg8 57. h6 Kh8 58. hxg7+ Bxg7 59. Bf6 Bxf6 60. Qxf6+ Kh7 61. b4
Kg8 62. b5 Kh7 63. b6 Kg8 64. b7 Kh7 65. Qg5 Kh8 66. b8=Q+ Kh7 67. Qbg8# {
Black checkmated } 1-0

[Event "ICC tourney 2578 (30 10)"]
[Site "Internet Chess Club"]
[Date "2021.05.22"]
[Round "2"]
[White "WIDJAJA, LUKE:lwidjaja"]
[Black "QI, JENNY:eevee11"]
[Result "1-0"]
[ICCResult "Black checkmated"]
[WhiteElo "1501"]
[BlackElo "1156"]
[Opening "Scandinavian defense"]
[ECO "B01"]
[NIC "SD.03"]
[Time "13:01:46"]
[PlyCount "165"]
[TimeControl "1800+10"]

1. e4 d5 2. exd5 Nf6 3. Nc3 Nxd5 4. Bc4 Nb6 5. Bb3 Nc6 6. Nf3 Bf5 7. O-O e6
8. d3 Bb4 9. Bf4 O-O 10. Ne2 Re8 11. Ng3 Bg6 12. a3 Bc5 13. Re1 Nd4 14. Ba2
Nxf3+ 15. Qxf3 Nd5 16. Bxd5 exd5 17. Rxe8+ Qxe8 18. Bxc7 Qc6 19. Be5 Re8
20. Bc3 Qd6 21. h4 h6 22. h5 Bh7 23. Qg4 d4 24. Bd2 Qb6 25. b4 Bf8 26. Re1
Rxe1+ 27. Bxe1 Qc6 28. Qe2 Bd6 29. Ne4 Bc7 30. Nc5 b6 31. Nb3 Bd6 32. Nxd4
Qd5 33. Qe8+ Bf8 34. Nc6 Qd6 35. b5 Qe6 36. Qxe6 fxe6 37. a4 Kf7 38. d4
Bxc2 39. a5 bxa5 40. Nxa7 a4 41. b6 Be4 42. f3 Bb7 43. Kf2 a3 44. Bc3 a2
45. Ke3 Bb4 46. Ba1 Ba5 47. Nb5 Ke7 48. Nc3 Bxb6 49. Nxa2 Kf6 50. Kf4 Bc7+
51. Kg4 e5 52. Nb4 exd4 53. Bxd4+ Be5 54. Be3 Bd6 55. Nd3 Ba6 56. Nf2 Bf1
57. Ne4+ Ke7 58. Nxd6 Kxd6 59. Bd4 Bxg2 60. Bxg7 Bxf3+ 61. Kxf3 Ke6 62.
Bxh6 Kf7 63. Kg4 Kg8 64. Bc1 Kh7 65. Kg5 Kh8 66. Bb2+ Kg8 67. Kg6 Kf8 68.
h6 Kg8 69. h7+ Kf8 70. h8=Q+ Ke7 71. Qg7+ Kd6 72. Qf7 Kc6 73. Qe6+ Kc5 74.
Bd4+ Kxd4 75. Kf5 Kd3 76. Qe4+ Kc3 77. Ke5 Kb3 78. Qd4 Ka3 79. Qb6 Ka2 80.
Qb4 Ka1 81. Kd4 Ka2 82. Kc3 Ka1 83. Qb2# { Black checkmated } 1-0

[Event "ICC tourney 2578 (30 10)"]
[Site "Internet Chess Club"]
[Date "2021.05.22"]
[Round "3"]
[White "SIAMWALLA, ALVIN:cappyal"]
[Black "WIDJAJA, LUKE:lwidjaja"]
[Result "0-1"]
[ICCResult "White checkmated"]
[WhiteElo "848"]
[BlackElo "1501"]
[Opening "Giuoco Pianissimo: Canal variation"]
[ECO "C47"]
[NIC "KP.06"]
[Time "15:01:26"]
[PlyCount "64"]
[TimeControl "1800+10"]

1. e4 e5 2. Nf3 Nc6 3. Nc3 Nf6 4. Bc4 Bc5 5. d3 d6 6. Bg5 h6 7. Bxf6 Qxf6
8. Nd5 Qd8 9. h3 Be6 10. Qd2 a6 11. Nc3 O-O 12. O-O b5 13. Bd5 Bxd5 14.
Nxd5 Ne7 15. Nxe7+ Qxe7 16. Rfe1 f5 17. exf5 Rxf5 18. d4 Bb6 19. dxe5 dxe5
20. Qd5+ Kh7 21. Qxa8 Qc5 22. Qe4 Qxf2+ 23. Kh1 g6 24. Rf1 Qg3 25. Qg4 Qxg4
26. hxg4 Rf4 27. Nxe5 Re4 28. Rae1 Rb4 29. b3 Rd4 30. Rf7+ Kg8 31. Ref1 h5
32. gxh5 Rh4# { White checkmated } 0-1

[Event "ICC tourney 2578 (30 10)"]
[Site "Internet Chess Club"]
[Date "2021.05.22"]
[Round "3"]
[White "Potukuchi, Siddhartha:Firemonsterz"]
[Black "Merriman, Dann:theLittlePetey"]
[Result "0-1"]
[ICCResult "White resigns"]
[WhiteElo "1405"]
[BlackElo "875"]
[Opening "Sicilian: Najdorf"]
[ECO "B90"]
[NIC "SI.14"]
[Time "15:02:13"]
[PlyCount "48"]
[TimeControl "1800+10"]

1. e4 c5 2. Nf3 d6 3. d4 cxd4 4. Nxd4 Nf6 5. Nc3 a6 6. Bd3 b5 7. Be3 Bb7 8.
a3 Nbd7 9. f3 e6 10. O-O Be7 11. Qd2 O-O 12. Rad1 Rc8 13. Rfe1 Nb6 14. Qf2
Nc4 15. Bxc4 Rxc4 16. e5 Nd5 17. exd6 Bxd6 18. Ne4 Bb8 19. Bg5 Qc7 20. Qh4
Ba7 21. Kh1 Bxd4 22. c3 Ba7 23. Qh5 Nf4 24. Qg4 Ng6 { White resigns } 0-1

[Event "ICC tourney 2578 (30 10)"]
[Site "Internet Chess Club"]
[Date "2021.05.22"]
[Round "3"]
[White "AMBATI, JASWANT REDDY:AJRChess2011"]
[Black "DONG, JERRY:Pawnmanicc"]
[Result "1-0"]
[ICCResult "Black checkmated"]
[WhiteElo "1486"]
[BlackElo "1279"]
[Opening "Sicilian: Scheveningen, Vitolin's variation"]
[ECO "B80"]
[NIC "SI.19"]
[Time "15:01:27"]
[PlyCount "59"]
[TimeControl "1800+10"]

1. e4 c5 2. Nf3 d6 3. d4 cxd4 4. Nxd4 Nf6 5. Nc3 e6 6. Bb5+ Bd7 7. Bd3 Be7
8. O-O Nc6 9. Be3 O-O 10. Nxc6 bxc6 11. f4 Qc7 12. Qf3 d5 13. e5 Ne8 14.
Ne2 Rb8 15. Qh3 h6 16. b3 f6 17. f5 Qxe5 18. Bf4 Qb2 19. fxe6 Ra8 20. exd7
Nd6 21. Qe6+ Rf7 22. Bg6 Rf8 23. Bxd6 Bxd6 24. Bxf7+ Rxf7 25. d8=Q+ Bf8 26.
Qde8 Qa3 27. Q8xf7+ Kh7 28. Qf5+ Kh8 29. Q5e6 Qe7 30. Qg8# { Black
checkmated } 1-0

[Event "ICC tourney 2578 (30 10)"]
[Site "Internet Chess Club"]
[Date "2021.05.22"]
[Round "3"]
[White "REMPE, LENNIK:Kokosnuss1000"]
[Black "WU, SEAN HAN:dum2020arEEEWS"]
[Result "0-1"]
[ICCResult "White resigns"]
[WhiteElo "1450"]
[BlackElo "1173"]
[Opening "Sicilian: accelerated fianchetto, modern variation"]
[ECO "B34"]
[NIC "SI.31"]
[Time "15:01:29"]
[PlyCount "52"]
[TimeControl "1800+10"]

1. e4 c5 2. Nf3 Nc6 3. Nc3 g6 4. d4 cxd4 5. Nxd4 Bg7 6. Be3 Nf6 7. Be2 O-O
8. O-O d5 9. e5 Nxe5 10. Nf3 Nxf3+ 11. Bxf3 e6 12. Bc5 Re8 13. Qe2 b6 14.
Bd4 Qd6 15. Be5 Qe7 16. Rae1 Bb7 17. Nb5 Red8 18. Bc7 Rd7 19. Be5 Ba6 20.
Qd3 Qc5 21. Be2 Rc8 22. Rc1 d4 23. Bxf6 Bxf6 24. Qa3 Bxb5 25. Qxc5 Rxc5 26.
Bxb5 Rxb5 { White resigns } 0-1

[Event "ICC tourney 2578 (30 10)"]
[Site "Internet Chess Club"]
[Date "2021.05.22"]
[Round "3"]
[White "KUMAR, AADIT:AaditK"]
[Black "JUTRAS, ARNAUD:arnaudjutras"]
[Result "1-0"]
[ICCResult "Black resigns"]
[WhiteElo "1251"]
[BlackElo "1450"]
[Opening "Caro-Kann defense"]
[ECO "B15"]
[NIC "CK.02"]
[Time "15:01:29"]
[PlyCount "51"]
[TimeControl "1800+10"]

1. e4 c6 2. d4 d5 3. Nd2 dxe4 4. Nxe4 Bh3 5. Nxh3 e6 6. Be3 Nd7 7. Bd3 Ngf6
8. Ng1 Be7 9. Nf3 O-O 10. O-O Rc8 11. c4 c5 12. Qc2 cxd4 13. Bxd4 a6 14.
Neg5 h6 15. Ne4 b5 16. b3 Nxe4 17. Bxe4 Nf6 18. Bxf6 Bxf6 19. Rad1 Qe7 20.
Rd2 bxc4 21. bxc4 Qc5 22. Rc1 Rc7 23. Bh7+ Kh8 24. Be4 Rfc8 25. Qd3 Rd8 26.
Qxd8+ { Black resigns } 1-0

[Event "ICC tourney 2578 (30 10)"]
[Site "Internet Chess Club"]
[Date "2021.05.22"]
[Round "3"]
[White "Morgan, Lakshmi M:luckylol3"]
[Black "UPPALAPATI, VIHAR:vihar"]
[Result "1-0"]
[ICCResult "Black checkmated"]
[WhiteElo "1041"]
[BlackElo "1203"]
[Opening "Two knights defense"]
[ECO "C55"]
[NIC "IG.01"]
[Time "15:01:27"]
[PlyCount "105"]
[TimeControl "1800+10"]

1. e4 e5 2. Nf3 Nc6 3. Bc4 Nf6 4. d4 d6 5. dxe5 dxe5 6. Qxd8+ Nxd8 7. Nc3
Bc5 8. Nxe5 O-O 9. O-O Be6 10. Bxe6 fxe6 11. Nd3 Bd4 12. Nb5 Bb6 13. a4 a6
14. Nc3 Nc6 15. Re1 Nd4 16. e5 Nxc2 17. exf6 Rxf6 18. Ne4 Nxe1 19. Nxf6+
gxf6 20. Nxe1 Rd8 21. Bf4 e5 22. Bg3 Bd4 23. Rb1 f5 24. h3 f4 25. Bh2 b5
26. axb5 axb5 27. g3 fxg3 28. Bxg3 Kh8 29. Nf3 Rg8 30. Kh2 e4 31. Nxd4 c5
32. Be5+ Rg7 33. Nf5 Kg8 34. Bxg7 Kf7 35. Bh6 Kg6 36. Nd6 Kxh6 37. Nxb5 Kg5
38. Rc1 Kh4 39. Rxc5 h5 40. Rc4 Kg5 41. Rxe4 Kf5 42. Re8 Kg5 43. Nd4 Kh4
44. Rf8 Kg5 45. f4+ Kh6 46. Rg8 Kh7 47. Rg2 Kh6 48. f5 h4 49. f6 Kh5 50. f7
Kh6 51. f8=Q+ Kh5 52. Qf7+ Kh6 53. Qg6# { Black checkmated } 1-0

[Event "ICC tourney 2578 (30 10)"]
[Site "Internet Chess Club"]
[Date "2021.05.22"]
[Round "3"]
[White "ARUL, SHARVESH:thunderdaze"]
[Black "BANG, ADITYA:AdityaBang"]
[Result "1/2-1/2"]
[ICCResult "Game drawn by mutual agreement"]
[WhiteElo "1302"]
[BlackElo "1389"]
[Opening "Pirc: classical (two knights) system"]
[ECO "B08"]
[NIC "PU.10"]
[Time "15:01:25"]
[PlyCount "146"]
[TimeControl "1800+10"]

1. e4 d6 2. d4 Nf6 3. Nc3 g6 4. Nf3 Bg7 5. Bc4 O-O 6. O-O Nc6 7. Bf4 Nd7 8.
Re1 e5 9. dxe5 Ndxe5 10. Nxe5 Nxe5 11. Bb3 a6 12. f3 Nd7 13. Qd2 Re8 14.
Bg5 Nf6 15. Nd5 c6 16. Nxf6+ Bxf6 17. Bxf6 Qxf6 18. c3 Qe5 19. Rad1 Rd8 20.
Re3 Be6 21. Rd3 Qc5+ 22. Kh1 Bxb3 23. axb3 Qb6 24. b4 c5 25. bxc5 Qxc5 26.
Rxd6 Rdc8 27. Rd7 b5 28. Qc2 b4 29. Qb3 Qc4 30. Qxb4 Qxb4 31. cxb4 Rab8 32.
R7d4 a5 33. bxa5 Rxb2 34. Rd8+ Rxd8 35. Rxd8+ Kg7 36. h3 Ra2 37. Ra8 Kf6
38. a6 Kg5 39. Kh2 f6 40. a7 h5 41. Rb8 Rxa7 42. Rb5+ Kf4 43. Rb6 Rf7 44.
Rb3 h4 45. Rb1 f5 46. Rb4 Kg5 47. Rb5 Kf4 48. exf5 Rxf5 49. Rb4+ Kg5 50.
Rg4+ Kh5 51. Kg1 g5 52. Kf2 Ra5 53. Ke3 Rb5 54. Ke4 Ra5 55. Kd4 Rf5 56. Re4
Ra5 57. Re5 Ra2 58. f4 Rxg2 59. Rxg5+ Rxg5 60. fxg5 Kxg5 61. Ke4 Kh5 62.
Kf5 Kh6 63. Kg4 Kg7 64. Kxh4 Kh7 65. Kg5 Kg7 66. h4 Kh7 67. h5 Kg7 68. Kg4
Kh6 69. Kh4 Kg7 70. Kg5 Kh7 71. h6 Kg8 72. Kg6 Kh8 73. Kf7 Kh7 { Game drawn
by mutual agreement } 1/2-1/2

[Event "ICC tourney 2578 (30 10)"]
[Site "Internet Chess Club"]
[Date "2021.05.22"]
[Round "3"]
[White "NERALLA, SRIKRUTHI:chessfanatic11"]
[Black "EISENBERG, LINUS NGUYEN:PrimusInvin"]
[Result "1/2-1/2"]
[ICCResult "Game drawn by mutual agreement"]
[WhiteElo "1202"]
[BlackElo "1235"]
[Opening "Sicilian: Labourdonnais-Löwenthal variation"]
[ECO "B32"]
[NIC "SI.32"]
[Time "15:01:33"]
[PlyCount "83"]
[TimeControl "1800+10"]

1. e4 c5 2. Nf3 Nc6 3. d4 cxd4 4. Nxd4 e5 5. Nf3 Nf6 6. Nc3 Bc5 7. Bc4 d6
8. h3 Be6 9. Nd5 Nxe4 10. Be3 Bxe3 11. Nxe3 Qb6 12. b3 Qb4+ 13. Nd2 Nxd2
14. Qxd2 Qxd2+ 15. Kxd2 Bxc4 16. Nxc4 O-O-O 17. Rhe1 f6 18. Rad1 d5 19. Ne3
d4 20. Nf5 g6 21. Nh6 Rhf8 22. Ng4 h5 23. Nh2 Nb4 24. a3 Na2 25. Ra1 Nc3
26. Nf3 g5 27. Ng1 e4 28. Ne2 Nxe2 29. Kxe2 f5 30. Red1 Rfe8 31. Rd2 d3+
32. Kf1 g4 33. Rad1 dxc2 34. Rxc2+ Kb8 35. Rxd8+ Rxd8 36. Rc3 Rc8 37. Rxc8+
Kxc8 38. Ke2 Kd7 39. Ke3 Ke7 40. Kf4 gxh3 41. gxh3 Kf6 42. h4 { Game drawn
by mutual agreement } 1/2-1/2

[Event "ICC tourney 2578 (30 10)"]
[Site "Internet Chess Club"]
[Date "2021.05.22"]
[Round "3"]
[White "HUANG, JUSTIN:ijustin"]
[Black "QI, JENNY:eevee11"]
[Result "1-0"]
[ICCResult "Black checkmated"]
[WhiteElo "1305"]
[BlackElo "1156"]
[Opening "Scotch: Potter variation"]
[ECO "C45"]
[NIC "SO.05"]
[Time "15:01:30"]
[PlyCount "141"]
[TimeControl "1800+10"]

1. e4 e5 2. Nf3 Nc6 3. d4 exd4 4. Nxd4 Bc5 5. Nb3 Bb6 6. Nc3 Qf6 7. Qe2 Nd4
8. Nxd4 Bxd4 9. Nd5 Qc6 10. c3 Bc5 11. Qh5 Ne7 12. Bb5 Qd6 13. Bf4 Qg6 14.
Nxc7+ Kd8 15. Qxg6 Nxg6 16. Nxa8 Nxf4 17. O-O d6 18. Rad1 Be6 19. e5 d5 20.
b4 Be7 21. c4 Kc8 22. cxd5 Nxd5 23. Bc4 Nf4 24. Bxe6+ Nxe6 25. Rc1+ Kb8 26.
Rfd1 Kxa8 27. Rd7 Bxb4 28. Rb1 Rc8 29. h3 Bc5 30. Rbxb7 Rb8 31. Rxb8+ Kxb8
32. Rxf7 Bd4 33. Kf1 Bxe5 34. Re7 Bf6 35. Rxe6 Kc7 36. g4 Kd7 37. Ra6 Bd4
38. f4 Bb6 39. a4 Kc7 40. a5 Kb7 41. axb6 Kxa6 42. bxa7 Kxa7 43. Ke2 Kb6
44. Ke3 Kc6 45. Ke4 Kd6 46. Kf5 Ke7 47. Ke5 Kf7 48. Kd6 Kf6 49. Kd7 g6 50.
h4 h5 51. g5+ Kf5 52. Ke7 Kxf4 53. Kf6 Kg4 54. Kxg6 Kxh4 55. Kf6 Kg3 56. g6
h4 57. g7 h3 58. g8=Q+ Kf4 59. Qg5+ Ke4 60. Qg3 Kd4 61. Qxh3 Ke4 62. Qf5+
Kd4 63. Ke6 Kc4 64. Kd6 Kb4 65. Qc2 Kb5 66. Qc5+ Ka4 67. Qb6 Ka3 68. Kc5
Ka2 69. Kc4 Ka1 70. Kc3 Ka2 71. Qb2# { Black checkmated } 1-0

[Event "ICC tourney 2578 (30 10)"]
[Site "Internet Chess Club"]
[Date "2021.05.22"]
[Round "3"]
[White "RAMAN, ARJUN:jojoraman"]
[Black "WU, WINSTON:qjet"]
[Result "0-1"]
[ICCResult "White checkmated"]
[WhiteElo "1360"]
[BlackElo "1200"]
[Opening "French: Tarrasch, closed variation, main line"]
[ECO "C06"]
[NIC "FR.17"]
[Time "15:01:58"]
[PlyCount "78"]
[TimeControl "1800+10"]

1. e4 e6 2. d4 d5 3. Nd2 Nf6 4. e5 Nfd7 5. Bd3 c5 6. c3 Nc6 7. Ne2 cxd4 8.
cxd4 g6 9. O-O Bg7 10. Nf3 O-O 11. Nf4 Qb6 12. Bc2 Re8 13. Ng5 Qxd4 14. Qf3
Ncxe5 15. Qh3 Nf6 16. Be3 Qxb2 17. Ba4 Nc6 18. Rfb1 Qa3 19. Bc2 e5 20. Qf3
exf4 21. Qxf4 Qe7 22. Re1 d4 23. Bd2 Qd8 24. Rxe8+ Qxe8 25. Re1 Qf8 26. Bb3
Nd8 27. Qxd4 h6 28. Nxf7 Nxf7 29. Bxh6 Bf5 30. Bxg7 Kxg7 31. h3 Qd6 32. Qb2
b6 33. g4 Bc8 34. Rd1 Qf4 35. Rd4 Qe5 36. f4 Qe1+ 37. Kg2 Bb7+ 38. Kh2
Nxg4+ 39. hxg4 Rh8# { White checkmated } 0-1

[Event "ICC tourney 2578 (30 10)"]
[Site "Internet Chess Club"]
[Date "2021.05.22"]
[Round "3"]
[White "DUNIKOV, DAVID EUGENE:DavidNest"]
[Black "PRABHU, VARUN:varunprabhu"]
[Result "1-0"]
[ICCResult "Black checkmated"]
[WhiteElo "1307"]
[BlackElo "776"]
[Opening "King's gambit"]
[ECO "C30"]
[NIC "KG.05"]
[Time "15:01:28"]
[PlyCount "105"]
[TimeControl "1800+10"]

1. e4 e5 2. f4 d6 3. Nf3 Nc6 4. Bc4 Be7 5. O-O Nf6 6. Nc3 O-O 7. d3 exf4 8.
Bxf4 Be6 9. Bxe6 fxe6 10. Ng5 Qd7 11. d4 e5 12. dxe5 dxe5 13. Bd2 h6 14.
Nf3 Bc5+ 15. Kh1 Ng4 16. Qe2 Nf6 17. Qc4+ Rf7 18. Qxc5 Qg4 19. Nxe5 Nxe5
20. Qxe5 Re8 21. Qf5 Qxf5 22. exf5 Re5 23. Rae1 Rxe1 24. Rxe1 Ng4 25. h3
Nf6 26. Kh2 Nd7 27. Nd5 c6 28. Ne7+ Kh7 29. Kg3 Nf6 30. Ng6 Nh5+ 31. Kg4
Nf6+ 32. Kf4 Nh5+ 33. Ke5 Ng3 34. Ke6 Rf6+ 35. Kd7 Rf7+ 36. Re7 Rxe7+ 37.
Nxe7 Ne4 38. Be3 Nf6+ 39. Kc7 b5 40. Kxc6 a6 41. Kb6 Nd7+ 42. Kxa6 Ne5 43.
Kxb5 Nf7 44. a4 Nd6+ 45. Kc6 Nc4 46. Bd4 Na5+ 47. Kb5 Nb7 48. a5 Nd6+ 49.
Kc6 Nc4 50. a6 Na5+ 51. Kb5 Nc4 52. Kxc4 g5 53. fxg6# { Black checkmated }
1-0

[Event "ICC tourney 2578 (30 10)"]
[Site "Internet Chess Club"]
[Date "2021.05.22"]
[Round "3"]
[White "KISHOR MANE, ARNAV:K05-16881843"]
[Black "SEN, SAMANT ROBERT:srsmv"]
[Result "1-0"]
[ICCResult "Black checkmated"]
[WhiteElo "1396"]
[BlackElo "1216"]
[Opening "Scotch: Schmidt variation"]
[ECO "C45"]
[NIC "SO.04"]
[Time "15:01:59"]
[PlyCount "151"]
[TimeControl "1800+10"]

1. e4 e5 2. Nf3 Nc6 3. d4 exd4 4. Nxd4 Nf6 5. Nxc6 bxc6 6. Nc3 Bb4 7. Bd3
O-O 8. O-O Re8 9. Bg5 Be7 10. e5 Nd5 11. Nxd5 Bxg5 12. Nf6+ gxf6 13. Qh5 h6
14. f4 Qe7 15. fxg5 Qxe5 16. Qxh6 Qxg5 17. Qh7+ Kf8 18. Rae1 Bb7 19. Qh8+
Qg8 20. Qxf6 c5 21. g3 Qg7 22. Rxe8+ Rxe8 23. Qxg7+ Kxg7 24. Rf5 d6 25. Kf2
Bc8 26. Rf3 Rh8 27. h4 Rh5 28. Bc4 d5 29. Be2 Re5 30. Ra3 Rf5+ 31. Kg2 Re5
32. Kf2 Rf5+ 33. Ke1 Re5 34. Kd1 Bf5 35. Rxa7 Bxc2+ 36. Kd2 Re7 37. Ra5 Bb1
38. a3 c4 39. Rxd5 Ba2 40. Rc5 Rd7+ 41. Kc3 Re7 42. Bxc4 Bxc4 43. Kxc4 Re4+
44. Kb3 Re3+ 45. Rc3 Re7 46. a4 Kf8 47. a5 Re5 48. Kb4 Re4+ 49. Rc4 Re6 50.
Rxc7 Ra6 51. Kb5 Ra8 52. a6 Ke8 53. a7 Kd8 54. Kb6 f5 55. Kb7 Rxa7+ 56.
Kxa7 Kxc7 57. b4 Kd8 58. b5 Kc8 59. b6 Kd7 60. b7 Kc6 61. b8=Q Kd5 62. Qb6
Ke5 63. Qb4 Kd5 64. h5 Ke6 65. Qc5 Kf6 66. h6 Kg6 67. h7 Kxh7 68. Qxf5+ Kg7
69. g4 Kg8 70. Qd7 Kf8 71. Kb6 Kg8 72. Kc6 Kf8 73. Kd6 Kg8 74. Ke6 Kh8 75.
Kf6 Kg8 76. Qg7# { Black checkmated } 1-0

[Event "ICC tourney 2578 (30 10)"]
[Site "Internet Chess Club"]
[Date "2021.05.22"]
[Round "4"]
[White "WIDJAJA, LUKE:lwidjaja"]
[Black "DONG, JERRY:Pawnmanicc"]
[Result "1-0"]
[ICCResult "Black checkmated"]
[WhiteElo "1501"]
[BlackElo "1279"]
[Opening "Sicilian: Smith-Morra gambit"]
[ECO "B21"]
[NIC "SI.48"]
[Time "17:00:25"]
[PlyCount "65"]
[TimeControl "1800+10"]

1. e4 c5 2. d4 cxd4 3. c3 dxc3 4. Nxc3 Nc6 5. Nf3 e5 6. Bc4 Nf6 7. Ng5 d5
8. Nxd5 Nxd5 9. Bxd5 Be6 10. Nxe6 fxe6 11. Bxe6 Qxd1+ 12. Kxd1 Be7 13. Be3
Bb4 14. Ke2 Ke7 15. Bd5 Bd6 16. a3 a6 17. Rhd1 Rad8 18. Bg5+ Kd7 19. Bxd8
Rxd8 20. Bxc6+ Kxc6 21. Rac1+ Kd7 22. Rd5 Ke6 23. Rcd1 Rd7 24. f4 exf4 25.
e5 f3+ 26. gxf3 Rc7 27. exd6 Rc2+ 28. R5d2 Rc6 29. d7 Rd6 30. Rxd6+ Ke7 31.
d8=Q+ Kf7 32. Qc7+ Kf8 33. Rd8# { Black checkmated } 1-0

[Event "ICC tourney 2578 (30 10)"]
[Site "Internet Chess Club"]
[Date "2021.05.22"]
[Round "4"]
[White "UPPALAPATI, VIHAR:vihar"]
[Black "REMPE, LENNIK:Kokosnuss1000"]
[Result "0-1"]
[ICCResult "White checkmated"]
[WhiteElo "1203"]
[BlackElo "1450"]
[Opening "Two knights defense"]
[ECO "C58"]
[NIC "KP.01"]
[Time "17:00:51"]
[PlyCount "82"]
[TimeControl "1800+10"]

1. e4 e5 2. Nf3 Nc6 3. Bc4 Nf6 4. Ng5 d5 5. exd5 Na5 6. Bb5+ c6 7. dxc6
bxc6 8. Bc4 Nxc4 9. O-O Be7 10. d3 Nd6 11. Re1 h6 12. Ne4 Ndxe4 13. dxe4
Qxd1 14. Rxd1 O-O 15. Nc3 Rd8 16. Be3 Ba6 17. Rd2 Rd7 18. Rxd7 Nxd7 19. Rd1
Rd8 20. Bxa7 Nf6 21. h3 Rxd1+ 22. Nxd1 Nxe4 23. f3 Bc5+ 24. Bxc5 Nxc5 25.
b4 Be2 26. Nc3 Bc4 27. bxc5 Kf8 28. a4 Ke7 29. Kf2 Ke6 30. Ke3 Kf5 31. g4+
Ke6 32. Ke4 g6 33. a5 f5+ 34. gxf5+ gxf5+ 35. Ke3 f4+ 36. Ke4 h5 37. h4 Bf1
38. Na2 Bc4 39. Nb4 Bf1 40. a6 Bh3 41. a7 Bf5# { White checkmated } 0-1

[Event "ICC tourney 2578 (30 10)"]
[Site "Internet Chess Club"]
[Date "2021.05.22"]
[Round "4"]
[White "BANG, ADITYA:AdityaBang"]
[Black "KUMAR, AADIT:AaditK"]
[Result "1-0"]
[ICCResult "Black checkmated"]
[WhiteElo "1389"]
[BlackElo "1251"]
[Opening "Scotch gambit"]
[ECO "C44"]
[NIC "SO.06"]
[Time "17:00:18"]
[PlyCount "55"]
[TimeControl "1800+10"]

1. e4 e5 2. Nf3 Nc6 3. d4 exd4 4. Bc4 Bc5 5. O-O Nge7 6. Ng5 O-O 7. Qh5 h6
8. Nxf7 Rxf7 9. Bxf7+ Kf8 10. Bb3 d5 11. exd5 Nb4 12. d6 Ned5 13. a3 Qf6
14. axb4 Nf4 15. Bxf4 Bxb4 16. Be5 Bg4 17. Bxf6 Bxh5 18. Bxd4 Bxd6 19. Rxa7
Re8 20. Rxb7 Re4 21. Rb8+ Ke7 22. Bxg7 Rh4 23. Bf8+ Kd7 24. Bxd6 cxd6 25.
Nc3 Rg4 26. Nd5 Rg5 27. Re1 Bf3 28. Ba4# { Black checkmated } 1-0

[Event "ICC tourney 2578 (30 10)"]
[Site "Internet Chess Club"]
[Date "2021.05.22"]
[Round "4"]
[White "Merriman, Dann:theLittlePetey"]
[Black "ARUL, SHARVESH:thunderdaze"]
[Result "1-0"]
[ICCResult "Black resigns"]
[WhiteElo "875"]
[BlackElo "1302"]
[Opening "Giuoco Pianissimo"]
[ECO "C50"]
[NIC "IG.02"]
[Time "17:00:22"]
[PlyCount "73"]
[TimeControl "1800+10"]

1. e4 e5 2. Nf3 Nc6 3. Bc4 Bc5 4. d3 h6 5. Nc3 Nf6 6. h3 O-O 7. O-O d6 8.
Be3 Bb6 9. Na4 Be6 10. Nxb6 axb6 11. Bb3 Qe7 12. Qd2 Kh7 13. Rfe1 Nd7 14.
Rad1 Na5 15. Kh1 Nxb3 16. axb3 Nf6 17. Ra1 Qd7 18. Qc3 Rfe8 19. Ra3 Ra6 20.
Rea1 Rea8 21. Kh2 Ne8 22. Ne1 f6 23. f3 d5 24. Bg1 d4 25. Qd2 Qd6 26. Ra4
Bd7 27. Rxa6 Rxa6 28. Rxa6 bxa6 29. c3 dxc3 30. bxc3 a5 31. Qc2 c5 32. d4
cxd4 33. cxd4 exd4+ 34. e5+ Bf5 35. Qxf5+ g6 36. exd6 gxf5 37. d7 { Black
resigns } 1-0